 Dungeon Crawl Stone Soup version 0.31-a0-1-g4198be8af4 (webtiles) character file.

Game seed: 4290557190276754271

396 Jase the Digger (level 6, 0/42 HPs)
             Began as a Gargoyle Earth Elementalist on May 1, 2023.
             Was a Follower of Hepliaklqana.
             Slain by an elf zombie (2 damage)
             ... in an ossuary.
             The game lasted 00:08:39 (3104 turns).

Jase the Digger (Gargoyle Earth Elementalist)       Turns: 3104, Time: 00:08:41

Health: 0/42       AC: 23    Str: 11    XL:     6   Next: 83%
Magic:  0/11       EV:  2    Int: 18    God:    Hepliaklqana [*.....]
Gold:   217        SH:  0    Dex:  8    Spells: 6/12 levels left

rFire   . . .        e - +0 dagger
rCold   . . .        (no shield)
rNeg    + . .        q - melded +0 troll leather armour {Pargi}
rPois   ∞            (helmet currently unavailable)
rElec   .            (cloak currently unavailable)
rCorr   .            c - melded +0 pair of gloves
SInv    +            A - melded +0 pair of boots
Will    .....        (no amulet)
Stlth   ++           d - ring of see invisible
HPRegen 0.27/turn    (no ring)
MPRegen 0.12/turn

%: no passive effects
@: tree-form
A: stationary, stasis, torment immunity, boosted hp, reduced essence, sickness
immunity, AC +4, negative energy resistance 1, (electricity resistance), torment
resistance 1, petrification resistance, clumsy 1, (cold resistance 1)
a: Renounce Religion, Recall Ancestor, Ancestor Identity


You were in an ossuary.
You worshipped Hepliaklqana.
Hepliaklqana was aware of your devotion.
You were a tree.
You visited 1 branch of the dungeon, and saw 4 of its levels.
You also visited: Sewer and Ossuary.

You collected 217 gold pieces.

Inventory:

Hand Weapons
 e - a +0 dagger (weapon)
Missiles
 k - 4 datura-tipped darts
Armour
 c - a +0 pair of gloves (melded)
 q - a +0 troll leather armour (melded) {Pargi}
 s - a +1 pair of boots of rampaging
 A - a +0 pair of boots (melded)
Jewellery
 d - a ring of see invisible (left branch)
Scrolls
 g - 8 scrolls of identify {unknown}
 i - 2 scrolls of brand weapon {unknown}
 j - 2 scrolls of teleportation {unknown}
 m - a scroll of fear {unknown}
 p - a scroll of butterflies {unknown}
 t - a scroll of enchant armour {unknown}
 u - a scroll of fog {unknown}
 v - a scroll of immolation {unknown}
 y - a scroll of poison {unknown}
 z - a scroll of vulnerability {unknown}
Potions
 a - a potion of haste
 b - a potion of magic
 f - 3 potions of curing
 n - a potion of brilliance {unknown}
 o - 2 potions of heal wounds {unknown}
 r - a potion of resistance {unknown}
 w - a potion of degeneration {unknown}
 x - a potion of flight {unknown}


   Skills:
 - Level 1.5 Dodging
 + Level 3.7 Stealth
 + Level 3.6 Spellcasting
 + Level 1.6 Transmutations
 * Level 6.9 Earth Magic


You had 6 spell levels left.
You knew the following spells:

 Your Spells              Type           Power      Damage    Failure   Level
a - Sandblast             Erth           56%        2d13      1%          1
b - Passwall              Tmut/Erth      15%        N/A       4%          2
c - Stone Arrow           Conj/Erth      30%        3d8       11%         3

Your spell library contained the following spells:

 Spells                   Type           Power      Damage    Failure   Level
 Kiss of Death            Conj/Necr      12%        2d6       16%         1
 Petrify                  Tmut/Erth      18%        N/A       26%         4
 Confusing Touch          Hex            3%         N/A       43%         3
 Dispel Undead            Necr           3%         3d7       83%         4


Dungeon Overview and Level Annotations

Branches:
Dungeon (4/15)             Temple (0/1) D:4           Sewer (visited)
Ossuary (1/1)

Altars:
Dithmenos
Fedhas
Gozag
Hepliaklqana
Makhleb
Okawaru
Qazlal
Trog
Yredelemnul

Annotations:
D:4 5 exclusions


Innate Abilities, Weirdness & Mutations

You are a tree.
Your roots penetrate the ground, keeping you stationary.
You cannot be teleported.
You are immune to unholy pain and torment.
Your maximum health is greatly increased.
Your equipment is partially melded.
Your life essence is reduced to manifest your ancestor. (-10% HP)
You are immune to sickness and miasma.
((Your stone body is resilient. (AC +4)))
You are immune to poison.
You resist negative energy. (rN+)
((You are resistant to electric shocks. (rElec)))
You are resistant to unholy torment.
You are immune to petrification.
You are clumsy. (Dex -2)
((Your flesh is cold resistant. (rC+)))


Message History

The elf zombie hits you but does no damage.
You closely miss the human zombie.
The human zombie is severely damaged.
Tlalli hits the human zombie.
Casting: Sandblast (safe; 1% risk of failure)
Confirm with . or Enter, or press ? or * to list all spells.
Aiming: Sandblast (safe; 1% risk of failure)
Press: ? - help, Shift-Dir - straight line, f - human zombie
Aim: a human zombie (severely damaged, not watching you, ally target, 87% to hit)
Okay, then.
You closely miss the human zombie.
The human zombie is severely damaged.
The human zombie hits you but does no damage.
The goblin zombie hits you but does no damage.
The elf zombie hits you but does no damage.
The goblin zombie hits you but does no damage.
Tlalli hits the human zombie.
You hit the human zombie but do no damage.
The human zombie is almost destroyed.
The human zombie hits you but does no damage.
The goblin zombie hits you but does no damage.
The elf zombie hits you but does no damage.
The goblin zombie hits you but does no damage.
Tlalli hits the human zombie.
You hit the human zombie.
The human zombie is almost destroyed.
The human zombie hits you.
* * * LOW HITPOINT WARNING * * *
The goblin zombie hits you but does no damage. x2
The elf zombie barely misses you.
Tlalli hits the human zombie.
The human zombie is destroyed!
Casting: Sandblast (safe; 1% risk of failure)
Confirm with . or Enter, or press ? or * to list all spells.
Aiming: Sandblast (safe; 1% risk of failure)
Press: ? - help, Shift-Dir - straight line, f - elf zombie
Aim: an elf zombie (83% to hit)
The blast of sand hits the elf zombie!
The elf zombie is lightly damaged.
The elf zombie hits you.
You die...

...............
...............
...............
...............
...............
...............
...............
......R♣.......
......ZZZ......
.......Z.......
...............
...............
...............
...............
...............


You could see the friendly Tlalli the ancestor, 2 goblin zombies, a gnoll zombie
and an elf zombie.

Vanquished Creatures
  Pargi (Sewer)
  An elf zombie (Ossuary)
  4 adders
  An adder zombie (Ossuary)
  3 worms
  A dart slug (D:2)
  3 ball pythons
  4 endoplasms (D:2)
  5 giant cockroaches
  4 goblins
  6 hobgoblins
  10 jackals
  7 quokkas
  9 bats
  4 frilled lizards
  A goblin zombie (D:4)
  3 kobolds
  5 rats
  2 rat zombies
74 creatures vanquished.

Vanquished Creatures (collateral kills)
  An elf zombie (Ossuary)
  A human zombie (Ossuary)
  An adder zombie (Ossuary)
  A goblin zombie (Ossuary)
  A hobgoblin zombie (Ossuary)
5 creatures vanquished.

Vanquished Creatures (others)
  A plant (D:4)
1 creature vanquished.

Grand Total: 80 creatures vanquished

Notes
Turn   | Place    | Note
-------+----------+-------------------------------------------
     0 | D:1      | Jase the Gargoyle Earth Elementalist began the quest for
                  | the Orb.
     0 | D:1      | Reached XP level 1. HP: 10/10 MP: 3/3
   154 | D:1      | Reached skill level 1 in Transmutations
   207 | D:1      | Reached skill level 4 in Earth Magic
   207 | D:1      | Reached XP level 2. HP: 15/15 MP: 3/5
   234 | D:1      | Learned a level 2 spell: Passwall
   768 | D:2      | Reached XP level 3. HP: 19/19 MP: 3/6
  1279 | D:2      | Reached skill level 5 in Earth Magic
  1705 | D:3      | Found a glowing drain.
  1708 | D:3      | Reached XP level 4. HP: 24/24 MP: 5/7
  1730 | D:3      | Learned a level 3 spell: Stone Arrow
  1798 | Sewer    | Entered a sewer
  1850 | Sewer    | Noticed Pargi
  1858 | Sewer    | Killed Pargi
  1859 | Sewer    | Reached skill level 6 in Earth Magic
  1859 | Sewer    | Reached XP level 5. HP: 24/28 MP: 3/9
  2191 | D:3      | Found a faded altar of an unknown god.
  2363 | D:3      | Found a blossoming altar of Fedhas.
  2363 | D:3      | Found an iron altar of Okawaru.
  2363 | D:3      | Found a basalt altar of Yredelemnul.
  2369 | D:3      | Found a hazy altar of Hepliaklqana.
  2371 | D:3      | Found a stormy altar of Qazlal.
  2374 | D:3      | Became a worshipper of Hepliaklqana the Forgotten
  2383 | D:3      | Found a bloodstained altar of Trog.
  2386 | D:3      | Found a shadowy altar of Dithmenos.
  2387 | D:3      | Found a burning altar of Makhleb.
  2961 | D:4      | Found a staircase to the Ecumenical Temple.
  3012 | D:4      | Found an opulent altar of Gozag.
  3038 | D:4      | Reached * piety under Hepliaklqana
  3052 | D:4      | Found a sand-covered staircase.
  3063 | D:4      | Reached XP level 6. HP: 28/28 MP: 7/10
  3065 | Ossuary  | Entered an ossuary
  3079 | Ossuary  | Gained mutation: You are clumsy. (Dex -2) [potion of
                  | mutation]
  3079 | Ossuary  | Gained mutation: Your flesh is cold resistant. (rC+)
                  | [potion of mutation]
  3103 | Ossuary  | HP: 2/42 [human zombie (3)]
  3104 | Ossuary  | Slain by an elf zombie

Illustrated notes

Levels and vault maps discovered:
D:1:      minmay_arrival_radiant_lines, layout_basic, dreamdust_wishing_well
D:2:      layout_loops_ring
D:3:      layout_loops_ring, nicolae_overflow_hallway_of_the_gods,
          portal_sewer_entry_f, shapermc_ecumenical_altar_starsandcircs,
          serial_co_window_serial, co_window_of_opportunity_a,
          co_window_corner_a, co_window_corner_a, co_window_cross_1,
          co_window_paths_b, co_window_of_opportunity_b, co_window_paths_c,
          co_window_2corner, co_window_broadway_a, co_window_corner_b,
          co_window_corner_b, glass_columns_c
D:4:      layout_basic, mainiacjoe_overflow_alcove_1,
          minmay_temple_entry_overgrown, enter_ossuary_4
Ossuary:  ossuary_minmay_tomb_2a

Skill      XL: |  1  2  3  4  5 |
---------------+----------------+-----
Transmutations | 1 |  1.6
Earth Magic    | 4 5 6 |  6.9
Spellcasting   | 3 |  3.6
Stealth        | 3 |  3.7
Dodging        | |  1.5

Action                     |  1- 3 |  4- 6 || total
---------------------------+-------+-------++-------
  Melee: Dagger            |     1 |    23 ||    24
         Punch             |       |     1 ||     1
   Cast: Sandblast         |    50 |    56 ||   106
    Use: Potion            |       |     3 ||     3
 Armour: Robe              |     6 |     6 ||    12
         Troll leather arm |       |    34 ||    34
         Skin              |       |    95 ||    95
  Dodge: Dodged            |     9 |    48 ||    57

Table legend: (Time is in decaauts)
 A = Elapsed time spent in this place.
 B = Non-inter-level travel time spent in this place.
 C = Inter-level travel time spent in this place.
 D = Time resting spent in this place.
 E = Time spent auto-exploring this place.
 F = Levels seen in this place.
 G = Mean time per level.
                   A        B        C        D        E       F      G
               +--------+--------+--------+--------+--------+-----+--------+
         Total |   3165 |   3088 |     77 |    111 |   2368 |   6 |  527.5 |
       Dungeon |   2959 |   2882 |     77 |     70 |   2314 |   4 |  739.8 |
         Sewer |    161 |    161 |      0 |     41 |     54 |   1 |  161.0 |
       Ossuary |     44 |     44 |      0 |      0 |      0 |   1 |   44.0 |
               +--------+--------+--------+--------+--------+-----+--------+

Top non-repeatable levels by time:
     D:3: 1067 daAuts
     D:2: 942 daAuts
     D:1: 771 daAuts
     D:4: 178 daAuts
   Sewer: 161 daAuts
 Ossuary: 44 daAuts
